 Dungeon Crawl Stone Soup version 0.17.1-3-g152610e (webtiles) character file.

34 GFox the Skirmisher (level 3, -5/24 HPs)
             Began as a Gargoyle Fighter on Mar 23, 2016.
             Was an Initiate of Okawaru.
             Slain by Sigmund
             ... wielding a +0 scythe
              (10 damage)
             ... on level 2 of the Dungeon.
             The game lasted 00:10:33 (650 turns).

GFox the Skirmisher (Gargoyle Fighter)               Turns: 650, Time: 00:10:34

Health: -5/24      AC: 11    Str: 20    XL:     3   Next: 31%
Magic:  12/12      EV:  7    Int:  8    God:    Okawaru [......]
Gold:   92         SH:  9    Dex:  9    Spells: 0 memorised, 2 levels left

rFire  . . .     SeeInvis .     a - +0 flail
rCold  . . .     Clarity  .     b - +0 scale mail
rNeg   + . .     SustAt   .     c - +0 shield
rPois  ∞         Gourm    .     (no helmet)
rElec  +         Spirit   .     (no cloak)
rCorr  .         Warding  .     g - +0 pair of gloves
rMut   .         Stasis   .     (no boots)
MR     .....                    (no amulet)
Stlth  ..........               (no ring)
                                f - ring of magical power

@: not resistant to hostile enchantments, extremely unstealthy
A: negative energy resistance 1, electricity resistance, unbreathing,
petrification resistance, rot immunity, AC +3
a: Renounce Religion


You were on level 2 of the Dungeon.
You worshipped Okawaru.
Okawaru was noncommittal.
You were not hungry.

You visited 1 branch of the dungeon, and saw 2 of its levels.

You collected 92 gold pieces.

Inventory:

Hand Weapons
 a - a +0 flail (weapon)
Armour
 b - a +0 scale mail (worn)
 c - a +0 shield (worn)
 g - a +0 pair of gloves (worn)
Jewellery
 f - a ring of magical power (left hand)
Scrolls
 h - 3 scrolls of identify {unknown}
 j - a scroll of immolation {unknown}
Potions
 d - a potion of might
 k - a potion of agility {unknown}
Comestibles
 e - 3 bread rations
 i - 10 chunks of flesh


   Skills:
 + Level 4.0 Fighting
 + Level 2.0 Maces & Flails
 + Level 3.4 Armour
 + Level 0.1 Dodging
 + Level 3.9 Shields


You had 2 spell levels left.
You didn't know any spells.

Dungeon Overview and Level Annotations

Branches:
Dungeon (2/15)

Altars:
Dithmenos
Okawaru

Annotations:
D:2 Sigmund


Innate Abilities, Weirdness & Mutations

You are resistant to torment.
Your stone body is resilient (AC +3).
You are immune to poison.
You resist negative energy.
You are resistant to electric shocks.
You can survive without breathing.
You are immune to petrification.
You are immune to rotting.


Message History

The adder closely misses you. The adder bites you but does no damage.
Something hits you but does no damage.
You miss the adder.
The adder is heavily wounded.
You block the adder's attack. Something hits you.
* * * LOW HITPOINT WARNING * * *
The adder bites you but does no damage.
Your shield and scale mail prevent you from hitting the adder.
The adder is heavily wounded.
The adder bites you but does no damage. Something hits you.
* * * LOW HITPOINT WARNING * * *
The adder barely misses you.
You closely miss the adder.
The adder is heavily wounded.
The adder bites you but does no damage. You block its attack.
You block the adder's attack.
You closely miss the adder.
The adder is heavily wounded.
You block the adder's attack. Something hits you!
You die...

..# ...# # ..#####...♣ .#
...)......# ##### ..###
..##......♣ #_..#♣.)..#
..##.#####.# #...#.....#
..##.### #.. #.........#
......<# #.. ##{......#
.....### #...♣#♣S........
.....#### #.....@##.......
........########..#.......
.....#.....######.#.#.....
...........)......#.#.....
.....##...##.[......# ####
###(.#.....#.........#
.##....._..........#.#
.....#.....#..####...#
.....##...##.## ....#


You could see an adder.

Vanquished Creatures
  An ooze (D:2)
  A giant gecko (D:2)
  5 bats
  A giant cockroach (D:1)
  2 goblins
  5 hobgoblins
  2 giant newts (D:1)
  7 kobolds
  3 rats
27 creatures vanquished.

Notes
Turn   | Place    | Note
--------------------------------------------------------------
     0 | D:1      | GFox the Gargoyle Fighter began the quest for the Orb.
     0 | D:1      | Reached XP level 1. HP: 14/14 MP: 1/1
   209 | D:1      | Reached XP level 2. HP: 19/19 MP: 2/2
   550 | D:2      | Found an iron altar of Okawaru.
   565 | D:2      | Reached XP level 3. HP: 21/24 MP: 3/3
   582 | D:2      | Reached skill level 4 in Fighting
   601 | D:2      | Became a worshipper of Warmaster Okawaru
   625 | D:2      | Noticed Sigmund
   629 | D:2      | Found a shadowy altar of Dithmenos.
   650 | D:2      | Slain by Sigmund

Action                   || total
-------------------------++-------
Melee: Flail             ||   119
  Use: Potion            ||     2
